[Event "Thursday 12 April, Rapid Engine Tour, 12+2, rd 6+7 Chess960, 16.00 ST"]
[Site "Infinity Chess"]
[Date "2018.4.12"]
[Round "5"]
[White "Eman"]
[Black "hafaba"]
[Result "1/2-1/2"]
[ECO "D30"]
[WhiteElo "2466"]
[BlackElo "2467"]
[WhiteEngine "Eman 1.70-beta20 64-bit BMI2"]
[BlackEngine "Eman 1.70-beta18x 64-bit POPCNT_CTG"]
[EventType "Swiss"]
[WhiteTeam ""]
[BlackTeam ""]
[PlyCount "141"]
[TimeControl "720+2"]

1. d4 d5 2. c4 e6 3. Nf3 Nf6 4. g3 Bb4+ 5. Bd2 Be7 6. Bg2 O-O 7. O-O c6 8. b3 b6 
9. Bc1 Bb7 10. Nc3 Nbd7 11. Bb2 c5 12. Ne1 Ne4 13. cxd5 Nxc3 14. Bxc3 Bxd5 
15. Bxd5 exd5 16. dxc5 Nxc5 17. e3 Qd7 18. Rc1 Qf5 19. Nc2 Nd3 20. Nd4 Qe4 
21. Rc2 Rac8 22. Ba1 Ne5 23. f3 Qg6 24. Kg2 Rxc2+ 25. Nxc2 Rc8 26. Ne1 Nc6 
27. Rf2 Rd8 28. Rd2 Bb4 29. Re2 Bd6 30. Qc2 Qxc2 31. Nxc2 f6 32. Rd2 Ne7 
33. h3 Kf7 34. f4 Rc8 35. Kf3 h5 36. Bb2 g6 37. Nd4 Bc5 38. Nc2 b5 39. a3 a6 
40. Rd3 Bd6 41. Nd4 Rg8 42. Rd2 g5 43. fxg5 fxg5 44. g4 hxg4+ 45. hxg4 Rh8 
46. Rg2 Rh1 47. Ke2 Rb1 48. Rf2+ Ke8 49. Bc3 Bxa3 50. Rf6 a5 51. Bxa5 Bb2 
52. Bb6 Bxd4 53. Bxd4 Rxb3 54. Ra6 Kd7 55. Bf6 Nc6 56. Bxg5 d4 57. Bf4 dxe3 
58. Bxe3 Nb4 59. Ra7+ Ke6 60. Bf4 Nc6 61. Ra6 Kd5 62. g5 Nd4+ 63. Kd2 Rb2+ 
64. Ke3 Kc4 65. Ke4 Rg2 66. Rb6 b4 67. g6 Kc5 68. Rd6 b3 69. Rd5+ Kc6 
70. Rxd4 Rxg6 71. Rb4 1/2-1/2

[Event "Thursday 12 April, Rapid Engine Tour, 12+2, rd 6+7 Chess960, 16.00 ST"]
[Site "Infinity Chess"]
[Date "2018.4.12"]
[Round "5"]
[White "RonWeasley"]
[Black "Thor"]
[Result "1/2-1/2"]
[ECO "D30"]
[WhiteElo "2480"]
[BlackElo "2495"]
[WhiteEngine "BrainFish 090218_CTG"]
[BlackEngine "asmFishW_2018-04-08_bmi2"]
[EventType "Swiss"]
[WhiteTeam ""]
[BlackTeam ""]
[PlyCount "130"]
[TimeControl "720+2"]

1. d4 d5 2. c4 e6 3. Nf3 Nf6 4. Nc3 c6 5. Bg5 h6 6. Bxf6 Qxf6 7. e3 Nd7 
8. Be2 g6 9. O-O Bg7 10. e4 dxe4 11. Nxe4 Qf4 12. Qc2 f5 13. Ned2 c5 14. g3 Qd6 
15. Nh4 Kf7 16. d5 e5 17. Rae1 h5 18. Kg2 Nf6 19. b4 b6 20. bxc5 bxc5 
21. Ndf3 Nh7 22. Bd3 Re8 23. Nxf5 gxf5 24. Bxf5 Bxf5 25. Qxf5+ Kg8 26. Qxh5 e4 
27. Nd2 Nf6 28. Qg5 Qe5 29. Qg6 Rab8 30. Re2 Rb6 31. Rfe1 Rf8 32. Nb3 Nxd5 
33. Qxe4 Qxe4+ 34. Rxe4 Nc3 35. Rg4 Rc6 36. h4 Kf7 37. h5 Nxa2 38. Rd1 Rc7 
39. Rd5 Nb4 40. Rf5+ Kg8 41. Rxc5 Rxc5 42. Nxc5 Rf6 43. Rg5 a5 44. Na4 Rc6 
45. Rxa5 Rxc4 46. Rc5 Re4 47. Rg5 Nd3 48. Nc5 Nxc5 49. Rxc5 Kh7 50. f4 Bd4 
51. Rd5 Kh6 52. Kf3 Re3+ 53. Kg4 Bc3 54. Rd6+ Kh7 55. Rd7+ Kh6 56. Rd6+ Kh7 
57. Rd7+ Kg8 58. h6 Kh8 59. f5 Be5 60. f6 Bxf6 61. Kf5 Rxg3 62. Kxf6 Rg1 
63. h7 Rf1+ 64. Ke5 Ra1 65. Rd8+ Kxh7 1/2-1/2

[Event "Thursday 12 April, Rapid Engine Tour, 12+2, rd 6+7 Chess960, 16.00 ST"]
[Site "Infinity Chess"]
[Date "2018.4.12"]
[Round "4"]
[White "Dovahkiin"]
[Black "Deep_Impact"]
[Result "1-0 "]
[ECO "B12"]
[WhiteElo "2406"]
[BlackElo "2418"]
[WhiteEngine "Raubfisch ME262_GTZ16f_CTG"]
[BlackEngine "asmFishW_2018-04-07_bmi2"]
[EventType "Swiss"]
[WhiteTeam ""]
[BlackTeam ""]
[PlyCount "112"]
[TimeControl "720+2"]

1. e4 c6 2. d4 d5 3. e5 Bf5 4. Nf3 e6 5. Be2 c5 6. Be3 Qb6 7. Nc3 Nc6 
8. O-O Qxb2 9. Qe1 c4 10. Rb1 Qxc2 11. Bd1 Qxb1 12. Nxb1 Bxb1 13. Ba4 Bd3 
14. Qa5 Kd7 15. Rd1 Nge7 16. Rxd3 cxd3 17. Ng5 Nf5 18. Nxf7 Rg8 19. Bxc6+ bxc6 
20. Qa6 Rc8 21. Bd2 Be7 22. g4 Nh4 23. Kf1 Rc7 24. Nd6 Rf8 25. Ba5 d2 
26. Bxd2 Rb8 27. Qd3 Ng6 28. Qh3 Nf8 29. Ba5 Bxd6 30. exd6 Rcc8 31. Bc7 Rb5 
32. Kg2 Rb7 33. Qh4 Re8 34. Qh5 g6 35. Qg5 Kc8 36. Qe7 Rxe7 37. dxe7 Nd7 
38. e8=Q+ Kxc7 39. Qe7 g5 40. Qxh7 Rb4 41. Qg7 c5 42. Qxg5 cxd4 43. Qe7 Rb6 
44. h4 d3 45. Qa3 Ne5 46. Qxa7+ Kc6 47. Qa4+ Kc5 48. Qa5+ Rb5 49. Qc3+ Kd6 
50. h5 Rc5 51. Qb4 Kc6 52. Qd4 Kd6 53. f4 Rc2+ 54. Kg3 Nd7 55. h6 Rc4 
56. Qxd3 Nc5 1-0

[Event "Thursday 12 April, Rapid Engine Tour, 12+2, rd 6+7 Chess960, 16.00 ST"]
[Site "Infinity Chess"]
[Date "2018.4.12"]
[Round "4"]
[White "OlivierEvan"]
[Black "angriff"]
[Result "1/2-1/2"]
[ECO "A22"]
[WhiteElo "2375"]
[BlackElo "2364"]
[WhiteEngine "Houdini 6"]
[BlackEngine "DracoREX 3.07 64BIT POPCNT_CTG"]
[EventType "Swiss"]
[WhiteTeam ""]
[BlackTeam ""]
[PlyCount "94"]
[TimeControl "720+2"]

1. c4 e5 2. Nc3 Nf6 3. Nf3 Nc6 4. g3 d5 5. cxd5 Nxd5 6. Bg2 Nb6 7. O-O Be7 
8. d3 O-O 9. Be3 Be6 10. d4 exd4 11. Nxd4 Nxd4 12. Bxd4 c6 13. b3 Qd7 
14. Qd3 Bb4 15. Rfd1 Rad8 16. Qc2 Qe7 17. h3 f6 18. Kh2 Bf7 19. Ne4 Nd7 
20. Bxa7 Rfe8 21. Rd3 f5 22. Nc3 Ra8 23. Bd4 Nc5 24. Rdd1 Ne6 25. e3 Nxd4 
26. Rxd4 Qc5 27. Rc1 Bxc3 28. Rd7 Qa5 29. Qxc3 Qxc3 30. Rxc3 Rxa2 31. Rxb7 Rxf2 
32. Kg1 Rb2 33. Bxc6 Rd8 34. Rd7 Rxd7 35. Bxd7 g6 36. g4 fxg4 37. hxg4 Rxb3 
38. Rxb3 Bxb3 39. Kf2 h6 40. Kf3 Kg7 41. Ke4 Bd1 42. Ke5 Be2 43. e4 Bf3 
44. Kd4 Kf6 45. e5+ Ke7 46. Bc8 h5 47. gxh5 gxh5 1/2-1/2

[Event "Thursday 12 April, Rapid Engine Tour, 12+2, rd 6+7 Chess960, 16.00 ST"]
[Site "Infinity Chess"]
[Date "2018.4.12"]
[Round "4"]
[White "CrapCleaner"]
[Black "Vimtiroba"]
[Result "1/2-1/2"]
[ECO "C50"]
[WhiteElo "2454"]
[BlackElo "2386"]
[WhiteEngine "BrainFish_180411_x64_bmi2_CTG"]
[BlackEngine "SF9 ''A5''_CTG"]
[EventType "Swiss"]
[WhiteTeam ""]
[BlackTeam ""]
[PlyCount "122"]
[TimeControl "720+2"]

1. e4 e5 2. Nf3 Nc6 3. Bc4 Bc5 4. O-O Nf6 5. d3 O-O 6. c3 a5 7. Re1 d6 
8. Nbd2 Ba7 9. Nf1 Be6 10. Bb5 Ne7 11. d4 exd4 12. Nxd4 Ng6 13. Ba4 h6 
14. Be3 Bc8 15. Bc2 Re8 16. Ng3 d5 17. f3 dxe4 18. Nxe4 Bd7 19. Bf2 Nxe4 
20. Bxe4 Qg5 21. Qc1 Nf4 22. Bg3 Ne6 23. Qxg5 hxg5 24. Bf2 Nxd4 25. cxd4 Kf8 
26. b3 Rab8 27. g4 g6 28. Rac1 Bb6 29. Kg2 f5 30. gxf5 gxf5 31. Bd3 Rxe1 
32. Rxe1 Re8 33. f4 Rxe1 34. Bxe1 g4 35. d5 c6 36. dxc6 Bxc6+ 37. Kg3 Bd7 
38. a4 Ke7 39. h3 gxh3 40. Kxh3 Be6 41. b4 axb4 42. Bxb4+ Kf6 43. Kg3 Bd4 
44. a5 Kg6 45. a6 bxa6 46. Bxa6 Kf6 47. Bd3 Bd5 48. Be2 Bh1 49. Be1 Bc6 
50. Bd2 Bh1 51. Bc1 Bd5 52. Bd3 Ke6 53. Bd2 Be4 54. Bc4+ Kf6 55. Bb5 Bd5 
56. Bc1 Ke7 57. Ba3+ Ke6 58. Bd3 Bh1 59. Bb1 Be4 60. Ba2+ Bd5 61. Bxd5+ Kxd5 
1/2-1/2

[Event "Thursday 12 April, Rapid Engine Tour, 12+2, rd 6+7 Chess960, 16.00 ST"]
[Site "Infinity Chess"]
[Date "2018.4.12"]
[Round "4"]
[White "star99"]
[Black "KQRBNP"]
[Result "1/2-1/2"]
[ECO "B50"]
[WhiteElo "2420"]
[BlackElo "2407"]
[WhiteEngine "Cryptic Heroes 9.4B"]
[BlackEngine "Eman 1.70-beta20 64-bit POPCNT"]
[EventType "Swiss"]
[WhiteTeam ""]
[BlackTeam ""]
[PlyCount "127"]
[TimeControl "720+2"]

1. e4 c5 2. Nf3 d6 3. Nc3 Nf6 4. d4 cxd4 5. Qxd4 Nc6 6. Qd3 g6 7. Be2 Bg7 
8. h3 O-O 9. O-O Be6 10. Ng5 Ne5 11. Qe3 Bc4 12. f4 Bxe2 13. Qxe2 Nc6 
14. Rb1 Nh5 15. Qf2 Qa5 16. f5 Bxc3 17. bxc3 b6 18. g4 Nf6 19. fxg6 fxg6 
20. Ne6 Rf7 21. Ng5 Rff8 22. Qh4 h5 23. Ne6 Rf7 24. Bh6 hxg4 25. Ng5 Qxc3 
26. Nxf7 Kxf7 27. hxg4 Qd4+ 28. Kh2 Kg8 29. Rf4 Ne5 30. Kh1 Qc4 31. Rbf1 Qxc2 
32. Bg5 Rf8 33. Bxf6 Rxf6 34. Rxf6 exf6 35. Qxf6 Qxe4+ 36. Kg1 Qxg4+ 
37. Kh1 Qe4+ 38. Kg1 Qg4+ 39. Kh1 Qh3+ 40. Kg1 Kh7 41. Rf2 Qg4+ 42. Kf1 Qd1+ 
43. Kg2 Qd5+ 44. Kf1 Qd1+ 45. Kg2 b5 46. Qh4+ Kg7 47. Qf6+ Kh6 48. Qh8+ Kg5 
49. Qd8+ Kh6 50. Qh8+ Kg5 51. Qd8+ Kh6 52. Qh4+ Qh5 53. Qxh5+ Kxh5 54. Rf4 Nc4 
55. Rf7 a6 56. Ra7 Kg4 57. Rxa6 g5 58. Rc6 Kf4 59. a4 Ne3+ 60. Kg1 bxa4 
61. Rxd6 Ke4 62. Re6+ Kd3 63. Ra6 Ke2 64. Rxa4 1/2-1/2

[Event "Thursday 12 April, Rapid Engine Tour, 12+2, rd 6+7 Chess960, 16.00 ST"]
[Site "Infinity Chess"]
[Date "2018.4.12"]
[Round "4"]
[White "ivrdurant"]
[Black "ocirema"]
[Result "1/2-1/2"]
[ECO "C55"]
[WhiteElo "2419"]
[BlackElo "2441"]
[WhiteEngine "Raubfisch ME262_GTZ16d4"]
[BlackEngine "asmFishW_2018-04-11_popcnt"]
[EventType "Swiss"]
[WhiteTeam ""]
[BlackTeam ""]
[PlyCount "85"]
[TimeControl "720+2"]

1. e4 e5 2. Nf3 Nc6 3. Bc4 Nf6 4. d3 Bc5 5. c3 d6 6. O-O a5 7. Bg5 Ba7 
8. Nbd2 h6 9. Bh4 g5 10. Bg3 O-O 11. Bb3 Be6 12. a4 Qe7 13. Nc4 Qd7 14. Re1 Rae8 
15. Ne3 Bxb3 16. Qxb3 Bxe3 17. Rxe3 Kh7 18. h3 Nh5 19. Bh2 Rg8 20. d4 f6 
21. Kh1 Nf4 22. Rg1 Nd8 23. Bxf4 exf4 24. Ree1 Kh8 25. Qd5 Qxa4 26. e5 Qc6 
27. Qxa5 fxe5 28. dxe5 Qc5 29. b4 Qxa5 30. bxa5 dxe5 31. Rxe5 Rxe5 32. Nxe5 Re8 
33. Rd1 Kg7 34. Rd5 Ne6 35. Rd7+ Kf6 36. Ng4+ Kg6 37. Ne5+ Kf5 38. Ng4 Ra8 
39. f3 Kg6 40. Ne5+ Kf5 41. Ng4 Kg6 42. Ne5+ Kf5 43. Ng4 1/2-1/2

[Event "Thursday 12 April, Rapid Engine Tour, 12+2, rd 6+7 Chess960, 16.00 ST"]
[Site "Infinity Chess"]
[Date "2018.4.12"]
[Round "4"]
[White "Eman"]
[Black "Murx"]
[Result "1/2-1/2"]
[ECO "B19"]
[WhiteElo "2466"]
[BlackElo "2454"]
[WhiteEngine "Eman 1.70-beta20 64-bit BMI2"]
[BlackEngine "asmFishW_2018-04-07_popcnt"]
[EventType "Swiss"]
[WhiteTeam ""]
[BlackTeam ""]
[PlyCount "122"]
[TimeControl "720+2"]

1. e4 c6 2. d4 d5 3. Nc3 dxe4 4. Nxe4 Bf5 5. Ng3 Bg6 6. h4 h6 7. Nf3 Nd7 
8. Bd3 Bxd3 9. Qxd3 Qc7 10. Qe2 e6 11. O-O Ngf6 12. Re1 O-O-O 13. Rb1 Bd6 
14. Ne5 Rhf8 15. b4 Nd5 16. Bd2 g5 17. Nxd7 Rxd7 18. Ne4 Bh2+ 19. Kh1 Bf4 
20. c4 Bxd2 21. Qxd2 Ne7 22. Nf6 Rdd8 23. hxg5 hxg5 24. g3 Nf5 25. d5 Nxg3+ 
26. fxg3 Qxg3 27. Qg2 Rh8+ 28. Kg1 Qf4 29. Rf1 Qe3+ 30. Rf2 Rh4 31. dxc6 b6 
32. Rbf1 Rd3 33. c7 Kxc7 34. Qa8 Rxc4 35. Qxa7+ Kc6 36. b5+ Kxb5 37. Rb1+ Kc6 
38. Qa8+ Kc7 39. Kf1 Rf4 40. Ne8+ Kd7 41. Nf6+ Kc7 42. Ne8+ Kd7 43. Nf6+ Ke7 
44. Ng8+ Kd7 45. Qb7+ Kd8 46. Qb8+ Kd7 47. Rxf4 Qxf4+ 48. Qxf4 gxf4 
49. Rxb6 Rf3+ 50. Ke1 Re3+ 51. Kf2 Ra3 52. Nf6+ Ke7 53. Ne4 e5 54. Rb3 Rxb3 
55. axb3 f5 56. Nd2 e4 57. b4 e3+ 58. Ke1 exd2+ 59. Kxd2 Kd6 60. Ke2 f3+ 
61. Kxf3 f4 1/2-1/2

[Event "Thursday 12 April, Rapid Engine Tour, 12+2, rd 6+7 Chess960, 16.00 ST"]
[Site "Infinity Chess"]
[Date "2018.4.12"]
[Round "4"]
[White "Marsell"]
[Black "RonWeasley"]
[Result "1/2-1/2"]
[ECO "C11"]
[WhiteElo "2461"]
[BlackElo "2481"]
[WhiteEngine "BrainFish_180408_x64_bmi2"]
[BlackEngine "BrainFish 090218_CTG"]
[EventType "Swiss"]
[WhiteTeam ""]
[BlackTeam ""]
[PlyCount "109"]
[TimeControl "720+2"]

1. e4 e6 2. d4 d5 3. Nc3 Nf6 4. e5 Nfd7 5. f4 c5 6. Nf3 Nc6 7. Be3 cxd4 
8. Nxd4 Qb6 9. Qd2 Qxb2 10. Rb1 Qa3 11. Bb5 Nxd4 12. Bxd4 a6 13. Bxd7+ Bxd7 
14. Rb3 Qe7 15. Rxb7 Rc8 16. O-O Qd8 17. f5 exf5 18. Qd3 Bc5 19. Bxc5 Rxc5 
20. Nxd5 Bc8 21. Re7+ Kf8 22. Qa3 Qa5 23. Qxa5 Rxa5 24. Rc7 Be6 25. Nf4 Rxe5 
26. Nxe6+ Rxe6 27. Rxf5 Re7 28. Rc8+ Re8 29. Rc7 Re7 30. Rc8+ Re8 31. Rfc5 Ke7 
32. R8c6 g6 33. Kf2 Ra8 34. Rc7+ Kf8 35. Rc8+ Kg7 36. Rxh8 Rxh8 37. a4 Re8 
38. a5 Kf6 39. c4 h5 40. Rc6+ Re6 41. Rc7 Ke5 42. Rxf7 Kd4 43. Rc7 Re5 
44. Rc6 Rxa5 45. Rxg6 Kxc4 46. Ke2 Ra2+ 47. Kf3 a5 48. Rc6+ Kb3 49. Rg6 a4 
50. Rb6+ Kc2 51. g4 hxg4+ 52. Kxg4 a3 53. h4 Ra1 54. Ra6 a2 55. Rc6+ 1/2-1/2

[Event "Thursday 12 April, Rapid Engine Tour, 12+2, rd 6+7 Chess960, 16.00 ST"]
[Site "Infinity Chess"]
[Date "2018.4.12"]
[Round "4"]
[White "hafaba"]
[Black "Time_bandit"]
[Result "1/2-1/2 "]
[ECO "C65"]
[WhiteElo "2468"]
[BlackElo "2455"]
[WhiteEngine "Eman 1.70-beta18x 64-bit POPCNT_CTG"]
[BlackEngine "asmFishW_2018-02-02_popcnt"]
[EventType "Swiss"]
[WhiteTeam ""]
[BlackTeam ""]
[PlyCount "137"]
[TimeControl "720+2"]

1. e4 e5 2. Nf3 Nc6 3. Bb5 Nf6 4. O-O Nxe4 5. Re1 Nd6 6. Nxe5 Be7 7. Bf1 Nxe5 
8. Rxe5 O-O 9. d4 Bf6 10. Re1 Re8 11. c3 Rxe1 12. Qxe1 Ne8 13. Bf4 d5 
14. Nd2 Bf5 15. Qe3 c6 16. Re1 Nd6 17. Nf3 a5 18. Ne5 h6 19. g4 Bh7 20. Bg3 Ne4 
21. Bd3 Qe7 22. f3 Nxg3 23. hxg3 Re8 24. Bf5 Qc7 25. f4 Bxf5 26. gxf5 Bd8 
27. Qf2 Qc8 28. g4 Be7 29. Kg2 Bd6 30. Qg3 f6 31. Ng6 Rxe1 32. Qxe1 Kh7 
33. Kf2 c5 34. Kg3 cxd4 35. cxd4 Bb4 36. Qe3 Bd6 37. Ne7 Qc4 38. b3 Qf1 
39. Nxd5 Qh1 40. Nc3 Bb4 41. a4 h5 42. gxh5 Kh6 43. d5 Bxc3 44. Qxc3 Qxd5 
45. Qc2 Qd4 46. Kf3 b6 47. Kg4 Qg1+ 48. Kh4 Qh1+ 49. Kg3 Qxh5 50. Qd3 Qh1 
51. Qe3 g6 52. fxg6 Kxg6 53. Qxb6 Qd5 54. Qe3 Kf5 55. Kf2 Qg8 56. Qh3+ Kxf4 
57. Qe3+ Kf5 58. Qd3+ Kf4 59. Qh3 Qd5 60. Qg3+ Ke4 61. Qf3+ Ke5 62. Qe2+ Kd6 
63. Qa6+ Ke5 64. Qe2+ Kf5 65. Qe3 Qd1 66. Qc3 Kg4 67. b4 f5 68. b5 Qxa4 69. Qf3+ 
1/2-1/2

[Event "Thursday 12 April, Rapid Engine Tour, 12+2, rd 6+7 Chess960, 16.00 ST"]
[Site "Infinity Chess"]
[Date "2018.4.12"]
[Round "4"]
[White "Thor"]
[Black "MCDermont"]
[Result "1/2-1/2"]
[ECO "C55"]
[WhiteElo "2495"]
[BlackElo "2491"]
[WhiteEngine "asmFishW_2018-04-08_bmi2"]
[BlackEngine "BrainFish 090218"]
[EventType "Swiss"]
[WhiteTeam ""]
[BlackTeam ""]
[PlyCount "73"]
[TimeControl "720+2"]

1. e4 e5 2. Nf3 Nc6 3. Bc4 Nf6 4. d3 Bc5 5. c3 d6 6. O-O O-O 7. Nbd2 a5 
8. Re1 Be6 9. Bb5 Ne7 10. d4 Ba7 11. h3 Ng6 12. Ba4 Nh5 13. Nf1 Nhf4 
14. Ng3 exd4 15. Nxd4 Bxd4 16. cxd4 d5 17. Qf3 Qh4 18. Bc2 c6 19. Bxf4 Qxf4 
20. Qxf4 Nxf4 21. e5 f6 22. Ne2 fxe5 23. Nxf4 Rxf4 24. Rxe5 Bf7 25. Rd1 Re8 
26. Rxe8+ Bxe8 27. g3 Rf6 28. Re1 Kf7 29. h4 Bd7 30. Bxh7 g6 31. Kg2 Bg4 
32. Re3 Bd1 33. Rd3 Bc2 34. Rc3 Bd1 35. Rd3 Bc2 36. Rc3 Bd1 37. Rd3 1/2-1/2

[Event "Thursday 12 April, Rapid Engine Tour, 12+2, rd 6+7 Chess960, 16.00 ST"]
[Site "Infinity Chess"]
[Date "2018.4.12"]
[Round "3"]
[White "angriff"]
[Black "Dovahkiin"]
[Result "1/2-1/2"]
[ECO "C53"]
[WhiteElo "2362"]
[BlackElo "2408"]
[WhiteEngine "DracoREX 3.07 64BIT POPCNT_CTG"]
[BlackEngine "Raubfisch ME262_GTZ16f_CTG"]
[EventType "Swiss"]
[WhiteTeam ""]
[BlackTeam ""]
[PlyCount "71"]
[TimeControl "720+2"]

1. e4 e5 2. Nf3 Nc6 3. Bc4 Bc5 4. c3 Nf6 5. d3 d6 6. O-O O-O 7. h3 a5 8. Nbd2 h6 
9. Re1 Be6 10. Bb5 Qb8 11. Re2 Qa7 12. Nf1 a4 13. Ng3 Qa5 14. Bxc6 bxc6 
15. Nh4 Rfe8 16. Re1 d5 17. exd5 cxd5 18. Rxe5 Bf8 19. Qc2 c5 20. Re2 Qa6 
21. Be3 Bd7 22. a3 Bb5 23. Rd2 Rad8 24. d4 cxd4 25. Bxd4 Ne4 26. Nxe4 dxe4 
27. Re1 Bd3 28. Qd1 Qb5 29. g3 Bc4 30. Ng2 Bb3 31. Qg4 f5 32. Qh5 Bf7 
33. Qd1 Bb3 34. Qh5 Bf7 35. Qd1 Bb3 36. Qh5 1/2-1/2

[Event "Thursday 12 April, Rapid Engine Tour, 12+2, rd 6+7 Chess960, 16.00 ST"]
[Site "Infinity Chess"]
[Date "2018.4.12"]
[Round "3"]
[White "Deep_Impact"]
[Black "CrapCleaner"]
[Result "1/2-1/2"]
[ECO "D31"]
[WhiteElo "2416"]
[BlackElo "2456"]
[WhiteEngine "asmFishW_2018-04-07_bmi2"]
[BlackEngine "BrainFish_180411_x64_bmi2_CTG"]
[EventType "Swiss"]
[WhiteTeam ""]
[BlackTeam ""]
[PlyCount "95"]
[TimeControl "720+2"]

1. d4 d5 2. c4 e6 3. Nc3 c6 4. e4 dxe4 5. Nxe4 Bb4+ 6. Bd2 Qxd4 7. Bxb4 Qxe4+ 
8. Be2 Na6 9. Ba5 b6 10. Qd6 Bd7 11. Bc3 f6 12. Nf3 Nh6 13. Rd1 Rd8 14. Qa3 Bc8 
15. Nd2 Qf4 16. Bh5+ Nf7 17. O-O c5 18. Qa4+ Ke7 19. Rfe1 Ng5 20. Re3 Rd6 
21. Rde1 Rhd8 22. Nf3 Kf8 23. a3 Nf7 24. h3 Rd3 25. Rxd3 Rxd3 26. Be5 fxe5 
27. Bxf7 Nc7 28. Bg6 Rxf3 29. Qxa7 Qd2 30. Rf1 Rb3 31. Qxc7 hxg6 32. Qxc8+ Kf7 
33. Qc7+ Kf6 34. Qc8 Kf7 35. Rb1 Rxb2 36. Rxb2 Qxb2 37. g4 Qc1+ 38. Kg2 e4 
39. Qb7+ Kf6 40. Qxe4 g5 41. Qd3 Qf4 42. Qf3 Ke5 43. Qc3+ Qd4 44. Qg3+ Ke4 
45. Qf3+ Ke5 46. Qg3+ Ke4 47. Qf3+ Ke5 48. Qg3+ 1/2-1/2

[Event "Thursday 12 April, Rapid Engine Tour, 12+2, rd 6+7 Chess960, 16.00 ST"]
[Site "Infinity Chess"]
[Date "2018.4.12"]
[Round "3"]
[White "Vimtiroba"]
[Black "OlivierEvan"]
[Result "1/2-1/2"]
[ECO "B23"]
[WhiteElo "2387"]
[BlackElo "2374"]
[WhiteEngine "SF9 ''A5''_CTG"]
[BlackEngine "Houdini 6"]
[EventType "Swiss"]
[WhiteTeam ""]
[BlackTeam ""]
[PlyCount "107"]
[TimeControl "720+2"]

1. e4 c5 2. Nc3 d6 3. Nf3 Nc6 4. d4 cxd4 5. Nxd4 Nf6 6. f3 e5 7. Nb3 Be6 
8. Nd5 Be7 9. Be3 O-O 10. c3 Bxd5 11. exd5 Na5 12. Be2 Rc8 13. O-O Nc4 
14. Bxc4 Rxc4 15. a4 Rc8 16. Bxa7 Qc7 17. Bf2 Qc4 18. Re1 Rfe8 19. a5 h6 
20. Nd2 Qxd5 21. c4 Qd3 22. b4 Bf8 23. Re3 Qf5 24. Qb3 d5 25. c5 h5 26. Re2 Rcd8 
27. Rae1 Re6 28. h3 Qg5 29. Qe3 Qf5 30. Qb3 Qg5 31. h4 Qf4 32. b5 Ra8 
33. Ra1 Ree8 34. a6 bxa6 35. Rxa6 e4 36. c6 exf3 37. Qxf3 Qb4 38. Rxa8 Rxa8 
39. b6 Ra1+ 40. Nf1 Ng4 41. Qxd5 Nxf2 42. Rxf2 Bc5 43. Qxf7+ Kh7 44. g3 Bxb6 
45. Qxh5+ Kg8 46. Qf7+ Kh7 47. Qh5+ Kg8 48. Qe8+ Kh7 49. Kh2 Bxf2 50. Qh5+ Kg8 
51. Qd5+ Kh7 52. Qh5+ Kg8 53. Qd5+ Kh7 54. Qh5+ 1/2-1/2

[Event "Thursday 12 April, Rapid Engine Tour, 12+2, rd 6+7 Chess960, 16.00 ST"]
[Site "Infinity Chess"]
[Date "2018.4.12"]
[Round "3"]
[White "ivrdurant"]
[Black "KQRBNP"]
[Result "1/2-1/2"]
[ECO "C50"]
[WhiteElo "2419"]
[BlackElo "2407"]
[WhiteEngine "Raubfisch ME262_GTZ16d4"]
[BlackEngine "Eman 1.70-beta20 64-bit POPCNT"]
[EventType "Swiss"]
[WhiteTeam ""]
[BlackTeam ""]
[PlyCount "112"]
[TimeControl "720+2"]

1. e4 e5 2. Nf3 Nc6 3. Bc4 Bc5 4. O-O Nf6 5. d3 d6 6. Re1 O-O 7. c3 a5 
8. Nbd2 Be6 9. Bb5 Ba7 10. h3 Ne7 11. Bc4 Nc6 12. b3 h6 13. Nf1 d5 14. exd5 Nxd5 
15. Bd2 Qf6 16. N1h2 Rad8 17. Rc1 Nf4 18. Bxf4 Bxc4 19. bxc4 Qxf4 20. Qc2 f5 
21. Rb1 e4 22. dxe4 Bxf2+ 23. Kxf2 fxe4 24. Qxe4 Qxh2 25. Re2 Rb8 26. Rb5 Kh8 
27. Qd3 Kg8 28. Rf5 Qd6 29. Qd5+ Kh7 30. Re6 Qxd5 31. Rxd5 Kg8 32. Re4 Rbe8 
33. Rxe8 Rxe8 34. Rd7 Re7 35. Rxe7 Nxe7 36. Ne5 Nf5 37. g4 Nd6 38. Ke3 Nf7 
39. Kd4 Ng5 40. h4 Ne6+ 41. Ke4 Kf8 42. Nd3 Kf7 43. Kd5 Kf6 44. a4 Ke7 
45. c5 c6+ 46. Ke5 g6 47. h5 gxh5 48. gxh5 Ng7 49. Nf4 Kf7 50. Kd6 Ne8+ 
51. Kd7 Nf6+ 52. Kc7 Ne4 53. Kxb7 Nxc3 54. Kxc6 Nxa4 55. Ne2 Nxc5 56. Kxc5 Kg7 
1/2-1/2

[Event "Thursday 12 April, Rapid Engine Tour, 12+2, rd 6+7 Chess960, 16.00 ST"]
[Site "Infinity Chess"]
[Date "2018.4.12"]
[Round "3"]
[White "ocirema"]
[Black "star99"]
[Result "1/2-1/2 "]
[ECO "D30"]
[WhiteElo "2442"]
[BlackElo "2419"]
[WhiteEngine "asmFishW_2018-04-11_popcnt"]
[BlackEngine "Cryptic Heroes 9.4B"]
[EventType "Swiss"]
[WhiteTeam ""]
[BlackTeam ""]
[PlyCount "172"]
[TimeControl "720+2"]

1. d4 d5 2. c4 e6 3. Nf3 Nf6 4. g3 Be7 5. Bg2 O-O 6. O-O dxc4 7. Qc2 a6 
8. a4 Bd7 9. Qxc4 Bc6 10. Bg5 Bd5 11. Qd3 c5 12. dxc5 Nbd7 13. Nc3 Nxc5 
14. Qe3 Rc8 15. Rfd1 h6 16. Bxf6 Bxf6 17. Nxd5 exd5 18. Ne5 Re8 19. Rxd5 Qb6 
20. Rb1 Nxa4 21. Qe4 g6 22. Qxa4 Rxe5 23. Rxe5 Bxe5 24. Qe4 Bxb2 25. Qxb7 Rb8 
26. Qxb6 Rxb6 27. Rd1 Kf8 28. Rd7 Re6 29. Kf1 Re7 30. Rd8+ Re8 31. Rd2 Bc3 
32. Rd3 Bb4 33. Bc6 Re7 34. Rd8+ Kg7 35. Rb8 a5 36. e3 Ra7 37. Ba4 Re7 
38. Ke2 Rc7 39. Rb6 Bc3 40. Kf3 Be1 41. Bb3 Rd7 42. Ke2 Bc3 43. Kf1 Ra7 
44. Ba4 Rc7 45. Ra6 Rb7 46. Bc2 h5 47. Be4 Rc7 48. Bc6 Bb4 49. Be8 Rc1+ 
50. Ke2 Rc2+ 51. Kf1 Rc7 52. Ba4 Rb7 53. Bc6 Rc7 54. Kg2 Be1 55. Rb6 g5 
56. h3 Bd2 57. Kf3 Bb4 58. Ba4 f5 59. Kg2 Be1 60. Bc6 Re7 61. Kf1 Bb4 
62. Kg2 Be1 63. Ra6 h4 64. gxh4 gxh4 65. Rb6 Re5 66. Rb7+ Kf6 67. Kf1 Bb4 
68. Rh7 Rc5 69. Ba4 Rc4 70. Bb5 Kg6 71. Rh8 Kg7 72. Rh5 Kg6 73. Be8+ Kf6 
74. Ke2 Rc2+ 75. Kf1 f4 76. exf4 Bc5 77. f3 Bd4 78. Rxh4 Rf2+ 79. Ke1 Rxf3 
80. Kd2 Rg3 81. Bd7 Ke7 82. Rh7+ Kd6 83. h4 Be3+ 84. Kd3 Bxf4+ 85. Kc2 Be5 
86. h5 Rc3+ 1/2-1/2

[Event "Thursday 12 April, Rapid Engine Tour, 12+2, rd 6+7 Chess960, 16.00 ST"]
[Site "Infinity Chess"]
[Date "2018.4.12"]
[Round "3"]
[White "Marsell"]
[Black "Murx"]
[Result "1/2-1/2"]
[ECO "B12"]
[WhiteElo "2461"]
[BlackElo "2454"]
[WhiteEngine "BrainFish_180408_x64_bmi2"]
[BlackEngine "asmFishW_2018-04-07_popcnt"]
[EventType "Swiss"]
[WhiteTeam ""]
[BlackTeam ""]
[PlyCount "112"]
[TimeControl "720+2"]

1. e4 c6 2. d4 d5 3. e5 Bf5 4. Nf3 e6 5. Be2 Nd7 6. O-O Ne7 7. c3 h6 8. Nbd2 Qc7 
9. Re1 Bg6 10. b3 Nf5 11. Bb2 Be7 12. c4 O-O 13. Rf1 h5 14. Rc1 Rfd8 
15. cxd5 exd5 16. Ne1 h4 17. Nd3 Nf8 18. Nf4 Bh7 19. Bd3 Qd7 20. h3 Nh6 
21. Bxh7+ Nxh7 22. Nf3 Qf5 23. Ne2 Nf8 24. Rc3 Ne6 25. Bc1 Rf8 26. Bxh6 gxh6 
27. Re3 Rae8 28. b4 a6 29. a3 Bd8 30. a4 Be7 31. Rb3 Kh8 32. Qd2 Qg6 33. Kh1 Rg8 
34. Rg1 Kh7 35. Qb2 Qf5 36. Nh2 Ng5 37. Ng4 f6 38. Rf1 fxe5 39. Ne3 Qe6 
40. dxe5 Bd8 41. f4 Ne4 42. Qd4 Bc7 43. b5 Kh8 44. Rd3 h5 45. Rdd1 axb5 
46. axb5 Rg3 47. b6 Rxh3+ 48. Kg1 Rxe3 49. Qxe3 Bd8 50. f5 Qxe5 51. Qh6+ Kg8 
52. f6 Nxf6 53. Qg6+ Kh8 54. Qh6+ Kg8 55. Qg6+ Kh8 56. Qh6+ Kg8 1/2-1/2

[Event "Thursday 12 April, Rapid Engine Tour, 12+2, rd 6+7 Chess960, 16.00 ST"]
[Site "Infinity Chess"]
[Date "2018.4.12"]
[Round "3"]
[White "RonWeasley"]
[Black "Eman"]
[Result "1/2-1/2"]
[ECO "E32"]
[WhiteElo "2482"]
[BlackElo "2465"]
[WhiteEngine "BrainFish 090218_CTG"]
[BlackEngine "Eman 1.70-beta20 64-bit BMI2"]
[EventType "Swiss"]
[WhiteTeam ""]
[BlackTeam ""]
[PlyCount "80"]
[TimeControl "720+2"]

1. d4 Nf6 2. c4 e6 3. Nc3 Bb4 4. Qc2 O-O 5. e4 d5 6. e5 Ne4 7. Bd3 c5 
8. Nf3 cxd4 9. Nxd4 Nd7 10. Bf4 Qh4 11. g3 Qh5 12. O-O g5 13. cxd5 Bxc3 
14. bxc3 exd5 15. Bxe4 dxe4 16. e6 gxf4 17. exd7 Bxd7 18. Qxe4 fxg3 19. fxg3 b6 
20. Nf5 Rae8 21. Ne7+ Kg7 22. Qd4+ f6 23. Rae1 Bh3 24. Rf4 Rd8 25. Rh4 Qf3 
26. Qe4 Qxe4 27. Rexe4 Rd1+ 28. Kf2 Bd7 29. Rd4 Rxd4 30. Rxd4 Be6 31. Nd5 Bxd5 
32. Rxd5 Rc8 33. Rd7+ Kg6 34. Rxa7 Rxc3 35. h4 Rc4 36. h5+ Kxh5 37. Rxh7+ Kg6 
38. Rb7 Rc2+ 39. Kf3 Rxa2 40. Rxb6 Kf7 1/2-1/2